[Event "50th La Roda Open 2024"]
[Site "La Roda"]
[Date "2024.03.31"]
[Round "8.14"]
[White "Romero Berruezo, Francisco"]
[Black "Rottenwohrer Suarez, Juan"]
[Result "0-1"]
[ECO "B12"]
[WhiteElo "2194"]
[BlackElo "2275"]
[Annotator "RC"]
[PlyCount "142"]
[EventDate "2024.03.27"]
[EventType "swiss"]
[EventCountry "ESP"]
[SourceTitle "playchess.com"]
[Source "ChessBase"]
[SourceQuality "1"]
[TimeControl "5400+30"]

1. e4 c6 2. d4 d5 3. e5 c5 4. dxc5 e6 5. Nf3 Bxc5 6. Bd3 Nc6 7. a3 f6 8. b4 Bb6 9. b5 Nxe5 10. Nxe5 fxe5 11. Qh5+ Kf8 12. Qxe5 Nf6 13. O-O Bc7 14. Qe2 e5 15. f3 Qd6 16. a4 Kf7 17. Ba3 Qb6+ 18. Kh1 Qd4 19. c3 Qh4 20. Qf2 Qxf2 21. Rxf2 Be6 22. Nd2 Rac8 23. Bb4 Rhd8 24. Re1 Kg8 25. Rfe2 Nh5 26. g3 Nf6 27. a5 e4 28. fxe4 Bg4 29. e5 Ne4 30. Bxe4 dxe4 31. Rxe4 Be6 32. Rd4 Rd5 33. Rxd5 Bxd5+ 34. Kg1 Re8 35. c4 Be6 36. Kf2 Rd8 37. Re3 Rd7 38. Ke1 h5 39. Kd1 Bxc4 40. e6 Rd3 41. Re4 Bxb5 42. Kc2 Rd5 43. Nc4 Be8 44. Kc3 Rf5 45. Re3 h4 46. gxh4 Rf4 47. Ne5 Rxh4 48. Nf3 Rh3 49. e7 g5 50. Kd4 g4 51. Ng5 Rxe3 52. Kxe3 Bxh2 53. Ne4 Kf7 54. Ng5+ Kf6 55. Ne4+ Ke6 56. Kf2 Bc6 57. Ng3 Kd7 58. Bc5 Ke8 59. Bb4 b6 60. axb6 axb6 61. Ba3 b5 62. Bb4 Kf7 63. Bc5 Ke6 64. Bb4 Kd5 65. Ba3 Kc4 66. Bb2 b4 67. Be5 Kd3 68. Bd6 b3 69. Ba3 Kc2 70. Nf1 Bd6 71. Ne3+ Kd3 0-1

[Event "50th La Roda Open 2024"]
[Site "La Roda"]
[Date "2024.03.31"]
[Round "8.15"]
[White "Fernandez Barrera, Victor"]
[Black "Ha, Yihan"]
[Result "1/2-1/2"]
[ECO "B11"]
[WhiteElo "2249"]
[BlackElo "1865"]
[Annotator "RC"]
[PlyCount "61"]
[EventDate "2024.03.27"]
[EventType "swiss"]
[EventCountry "ESP"]
[SourceTitle "playchess.com"]
[Source "ChessBase"]
[SourceQuality "1"]
[TimeControl "5400+30"]

1. e4 c6 2. Nf3 d5 3. Nc3 Bg4 4. h3 Bxf3 5. Qxf3 Nf6 6. d3 e6 7. Bd2 d4 8. Ne2 Qb6 9. O-O-O Bd6 10. g4 c5 11. g5 Nfd7 12. Qg2 Nc6 13. f4 O-O-O 14. e5 Bc7 15. Qf2 Kb8 16. Kb1 Rhf8 17. Bg2 f6 18. exf6 gxf6 19. h4 e5 20. f5 Ne7 21. Ng3 Bd6 22. Qf3 Rc8 23. Ne4 Bc7 24. gxf6 Nd5 25. Ka1 N7xf6 26. Nxf6 Nxf6 27. Rde1 Bd6 28. Bh6 Rf7 29. Bg5 c4 30. dxc4 Rxc4 31. Qd3 1/2-1/2

[Event "50th La Roda Open 2024"]
[Site "La Roda"]
[Date "2024.03.31"]
[Round "8.16"]
[White "Santos, Antonio P"]
[Black "Iglesias Ferreira, Andres"]
[Result "0-1"]
[ECO "E04"]
[WhiteElo "2165"]
[BlackElo "2234"]
[Annotator "RC"]
[PlyCount "100"]
[EventDate "2024.03.27"]
[EventType "swiss"]
[EventCountry "ESP"]
[SourceTitle "playchess.com"]
[Source "ChessBase"]
[SourceQuality "1"]
[TimeControl "5400+30"]

1. d4 Nf6 2. c4 e6 3. g3 d5 4. Bg2 dxc4 5. Nf3 Bb4+ 6. Nbd2 a5 7. O-O b5 8. a4 c6 9. Qc2 O-O 10. e4 h6 11. b3 cxb3 12. Nxb3 Be7 13. Rd1 Bd7 14. Bd2 b4 15. Ne5 Qc7 16. Nc4 Rc8 17. Bf4 Qd8 18. Nc5 Ra7 19. Qe2 Be8 20. g4 Nbd7 21. h4 Nh7 22. h5 Nb6 23. Ne5 Bd6 24. Bg3 Qe7 25. f4 Nf8 26. Nc4 Bc7 27. Nd2 Nbd7 28. Ndb3 Nxc5 29. dxc5 e5 30. f5 f6 31. Bf2 Bf7 32. Nd2 Raa8 33. Nc4 Rd8 34. Bf1 Nh7 35. Qc2 Ng5 36. Kg2 Nxe4 37. Qxe4 Bd5 38. Rxd5 cxd5 39. Qc2 dxc4 40. Bxc4+ Kh8 41. Qe4 Rab8 42. Bb3 Rd2 43. Rc1 Rbd8 44. Kg1 Qd7 45. Rf1 Qd3 46. Qc6 Qxb3 47. Qxc7 Rd1 48. Qxa5 Rxf1+ 49. Kxf1 Qh3+ 50. Ke1 Qh1+ 0-1

[Event "50th La Roda Open 2024"]
[Site "La Roda"]
[Date "2024.03.31"]
[Round "9.1"]
[White "Albornoz Cabrera, Carlos Daniel"]
[Black "Aravindh, Chithambaram VR."]
[Result "1/2-1/2"]
[ECO "C72"]
[WhiteElo "2603"]
[BlackElo "2662"]
[Annotator "TA"]
[PlyCount "55"]
[EventDate "2024.03.27"]
[EventType "swiss"]
[EventCountry "ESP"]
[SourceTitle "playchess.com"]
[Source "ChessBase"]
[SourceQuality "1"]
[TimeControl "5400+30"]

1. e4 e5 2. Nf3 Nc6 3. Bb5 a6 4. Ba4 d6 5. O-O Bg4 6. h3 Bh5 7. c3 Be7 8. d4 b5 9. Bc2 Bxf3 {[%emt 0:00:19] White is slightly better.} 10. Qxf3 {[%emt 0:00:05] Hoping for d5.} exd4 11. Rd1 Bf6 12. Bb3 Nge7 (12... Qd7 $11) 13. cxd4 $14 {[%emt 0:00:06] White is more active.} Nxd4 {[%emt 0:00:18] [#]} 14. Rxd4 Bxd4 15. Bxf7+ Kd7 16. Qg4+ Kc6 {[%emt 0:00:04] [#]} 17. Bd5+ $1 Kb6 {[%emt 0:03:54] aiming for ...Nxd5.} 18. Bxa8 Qxa8 19. Nc3 Kb7 20. Be3 (20. e5 {is more complex.} dxe5 21. Be3 Rd8 22. a4) 20... Bxe3 21. fxe3 Ng6 22. a4 b4 23. Nd5 {[%emt 0:00:58][%cal Oa1c1] Rc1! is the strong threat.} Qc8 $1 {[%emt 0:02:56] ...Qxg4 would now be deadly.} 24. Rc1 (24. Nxb4 Qxg4 25. hxg4 Re8 $19) 24... c5 {[%emt 0:00:58] Threatens to win with ...Qxg4.} 25. Rf1 (25. Qg3 $11 Qd7 26. a5) 25... Qxg4 $1 $15 26. Rf7+ Kb8 27. hxg4 Ne5 $1 28. Rxg7 {[%emt 0:00:50] Weighted Error Value: White=0.08 (flawless) /Black=0.03 (flawless) .  Mistake:       	White=1     	Black=1      Inaccurate:     	White=1     	---        OK:         	White=5     	Black=7      Best:        	White=4     	Black=5      Strong:       	---       	Black=3      Brilliant:      	White=1     	---} 1/2-1/2

[Event "50th La Roda Open 2024"]
[Site "La Roda"]
[Date "2024.03.31"]
[Round "9.2"]
[White "Karthik Venkataraman"]
[Black "Siddharth, Jagadeesh"]
[Result "1/2-1/2"]
[ECO "C02"]
[WhiteElo "2609"]
[BlackElo "2490"]
[Annotator "TA"]
[PlyCount "80"]
[EventDate "2024.03.27"]
[EventType "swiss"]
[EventCountry "ESP"]
[SourceTitle "playchess.com"]
[Source "ChessBase"]
[SourceQuality "1"]
[TimeControl "5400+30"]

1. e4 e6 2. d4 d5 3. e5 c5 4. c3 Nc6 5. Nf3 Nge7 6. Na3 cxd4 7. cxd4 Nf5 8. Nc2 Bd7 9. Bd3 Nb4 10. Nxb4 {[%emt 0:12:38] [#] And now Nc2 would win.} Bxb4+ 11. Bd2 Qb6 {[%emt 0:00:59] White is slightly better.} 12. Bxb4 Qxb4+ 13. Qd2 Qxd2+ 14. Kxd2 Ne7 15. Rac1 Nc6 16. h4 Ke7 17. Rh3 h6 18. Rg3 Rhg8 19. Bh7 Rh8 20. Bd3 (20. Rxg7 Kf8 21. Rg4 Rxh7 $17) 20... Rhg8 21. Rc3 Rac8 22. Bh7 Rh8 23. Bd3 (23. Rxg7 $2 {loses.} Kf8 24. Rg4 Rxh7 $19) 23... Rhg8 24. Bh7 Rh8 25. Bb1 (25. Rxg7 $2 {too greedy.} Kf8 26. Rg4 Rxh7 $19) 25... Rhg8 26. Bd3 Rc7 27. Ke3 h5 28. Ng1 g6 29. Ne2 Rgc8 30. Kd2 Nb4 31. Bb1 (31. Rxc7 {simplifies} Rxc7 32. a3 Nc6 33. b4) 31... Bb5 32. Rxc7+ Rxc7 33. Ng1 Bf1 34. Nf3 Nc6 {[%emt 0:00:18] The position is equal.} 35. Nh2 Ba6 36. Rc3 Rd7 37. Nf3 Bf1 38. g3 Bg2 39. Ne1 Be4 40. Bxe4 dxe4 {[%emt 0:00:10] Weighted Error Value: White=0.07 (flawless) /Black=0.06 (flawless) .  Inaccurate:     	White=1     	Black=2      OK:         	White=12    	Black=13     Best:        	White=3     	Black=1} 1/2-1/2

[Event "50th La Roda Open 2024"]
[Site "La Roda"]
[Date "2024.03.31"]
[Round "9.3"]
[White "Xu, Xiangyu"]
[Black "Pranav Vijay"]
[Result "1/2-1/2"]
[ECO "E11"]
[WhiteElo "2623"]
[BlackElo "2252"]
[Annotator "RC"]
[PlyCount "139"]
[EventDate "2024.03.27"]
[EventType "swiss"]
[EventCountry "ESP"]
[SourceTitle "playchess.com"]
[Source "ChessBase"]
[SourceQuality "1"]
[TimeControl "5400+30"]

1. d4 Nf6 2. c4 e6 3. g3 Bb4+ 4. Nd2 O-O 5. Bg2 d6 6. Ngf3 Nc6 7. O-O Bxd2 8. Bxd2 e5 9. dxe5 dxe5 10. Bc3 Qe7 11. Qc2 Bg4 12. e3 Qe6 13. b3 h6 14. Nh4 Bh3 15. Bxh3 Qxh3 16. f3 Rad8 17. Rad1 Qe6 18. Kh1 Rfe8 19. e4 Nd4 20. Qf2 c5 21. Ng2 a6 22. Ne3 b5 23. Rfe1 Qc6 24. Qf1 Rb8 25. Rd2 Rb7 26. Rf2 Re6 27. Rc1 Qd7 28. Kg2 b4 29. Bb2 a5 30. Nd5 a4 31. Qd3 Qe8 32. f4 axb3 33. axb3 exf4 34. Bxd4 Nxe4 35. Bb2 Nxf2 36. Kxf2 fxg3+ 37. hxg3 Ra7 38. Rc2 Re4 39. Kg2 Rd7 40. Rf2 Re1 41. Rf1 Rd6 42. Bc1 Rxf1 43. Kxf1 Qe6 44. Kg2 Ra6 45. Be3 Ra2+ 46. Bf2 Rb2 47. Qf3 f5 48. Kf1 Rb1+ 49. Kg2 Rb2 50. Kf1 Rb1+ 51. Kg2 Kh8 52. Qd3 Rb2 53. Kf1 Qe5 54. Bxc5 Ra2 55. Bd4 Qd6 56. c5 Qe6 57. Nxb4 Ra3 58. Nd5 Kh7 59. Bb2 Ra2 60. Qd4 Qg6 61. Qe5 f4 62. Qxg7+ Qxg7 63. Bxg7 Kxg7 64. gxf4 Rd2 65. Nc7 Rd7 66. Nb5 Rb7 67. Nd6 Rxb3 68. c6 Rf3+ 69. Kg2 Rxf4 70. c7 1/2-1/2

[Event "50th La Roda Open 2024"]
[Site "La Roda"]
[Date "2024.03.31"]
[Round "9.4"]
[White "Iturrizaga Bonelli, Eduardo"]
[Black "Cruz Lledo, Pablo"]
[Result "1-0"]
[ECO "A11"]
[WhiteElo "2588"]
[BlackElo "2353"]
[Annotator "TA"]
[PlyCount "63"]
[EventDate "2024.03.27"]
[EventType "swiss"]
[EventCountry "ESP"]
[SourceTitle "playchess.com"]
[Source "ChessBase"]
[SourceQuality "1"]
[TimeControl "5400+30"]

1. c4 c6 2. Nf3 d5 3. e3 Nf6 4. Nc3 a6 5. b3 Bf5 6. Be2 h6 7. Ba3 Nbd7 8. O-O {[%emt 0:01:23] The position is equal.} e5 9. Bxf8 Kxf8 10. b4 dxc4 11. Bxc4 Qe7 12. a3 Rd8 13. Be2 g5 14. d3 Kg7 15. Qc2 Bg6 16. Qb2 Rhe8 17. Rfd1 Nb6 18. Rac1 Nfd5 19. Ne4 Na4 20. Qb3 Bxe4 (20... Ndb6 $14) 21. dxe4 $16 Ndb6 {[%emt 0:00:06] [#]} 22. Nd2 $1 {[%emt 0:00:16] White is more active.} Qe6 {[%emt 0:10:11][%cal Od8d2] aiming for ...Rxd2!} 23. Qc2 Rc8 (23... c5 $16) 24. h3 $18 {[%emt 0:11:36] Hoping for Bg4.} Rc7 $2 (24... Qf6 {might work better.} 25. Bg4 Rc7) 25. Bc4 Nxc4 26. Nxc4 (26. Qxa4 Nb2 27. Qc2 (27. Qa5 $2 Rd7 $19) 27... Nxd1 28. Rxd1 c5 29. bxc5 b6 $17) 26... Rd7 {[%emt 0:00:59] [#] Dodges Nd6} (26... b5) 27. Rxd7 {[%emt 0:00:17] White is clearly winning.} ({Not} 27. Qxa4 b5 28. Qc2 (28. Qxa6 Rxd1+ 29. Rxd1 Qxc4 $18) 28... Rxd1+ 29. Qxd1 bxc4 $16) 27... Qxd7 28. Rd1 Qe6 29. Nd6 Nb6 30. Nxe8+ (30. Nf5+ $142 Kg8 31. Rd6) 30... Qxe8 31. Qc5 {[%emt 0:00:18] Against Qe7} Nc8 32. a4 {[%emt 0:00:08] Weighted Error Value: White=0.18 (very precise) /Black=0.32.  Mistake:       	---       	Black=4      Inaccurate:     	---       	Black=1      OK:         	White=12    	Black=7      Best:        	White=2     	---        Strong:       	White=1     	---} 1-0

[Event "50th La Roda Open 2024"]
[Site "La Roda"]
[Date "2024.03.31"]
[Round "9.5"]
[White "Peralta, Fernando"]
[Black "Lopez Nunez, Alonso"]
[Result "1-0"]
[ECO "D06"]
[WhiteElo "2580"]
[BlackElo "1993"]
[Annotator "TA"]
[PlyCount "65"]
[EventDate "2024.03.27"]
[EventType "swiss"]
[EventCountry "ESP"]
[SourceTitle "playchess.com"]
[Source "ChessBase"]
[SourceQuality "1"]
[TimeControl "5400+30"]

1. d4 d5 2. c4 c5 3. cxd5 Qxd5 4. Nf3 cxd4 5. Nc3 Qa5 6. Nxd4 Nf6 {[%emt 0:01:07] Inhibits e4.} 7. Nb3 Qh5 8. f3 {[%emt 0:03:31] White is slightly better.} e5 9. e4 {[%emt 0:01:16] Strongly threatening Nb5.} Bb4 10. Be3 O-O (10... Bxc3+ 11. bxc3 O-O 12. Qd2 $14) 11. Bc4 a6 12. O-O Nbd7 (12... Nc6 $14 {should be considered.}) 13. Rc1 Qg6 14. a3 Be7 15. Rf2 h5 16. Rd2 {[%emt 0:00:54] White has more active pieces. The black rooks are passive.} h4 17. Bf1 Re8 18. Na5 h3 19. g3 Bc5 20. Qe1 ({Worse is} 20. Nd5 Nxd5 21. Bxc5 Nxc5 22. exd5 (22. Rxd5 b6 $11) 22... Nd7 $11) 20... Qh6 {[%emt 0:00:00] [#]} 21. Nd1 (21. Nd5 Nxd5 22. Bxc5 Nxc5 23. exd5 Nd7 $14) 21... b6 {[%emt 0:00:00] [#]} (21... Bxe3+ {keeps fighting.} 22. Nxe3 (22. Qxe3 Qh5 $18) 22... Nf8) 22. Rxc5 $1 $18 Qh5 {[%emt 0:00:00] [#]} 23. Rxc8 Rexc8 24. g4 Qg6 (24... Nxg4 $142 25. fxg4 Qxg4+ 26. Qg3 Qxg3+ 27. hxg3 Nf6 28. Bxb6 Nxe4) 25. Nc4 {[%emt 0:02:48][%cal Ba5c4,Bc4d6,Bd6f5][%mdl 32] White is clearly winning.} b5 26. Nd6 Rc6 27. Nf5 Kf8 {[%emt 0:00:00] [#] Prevents Ne7.} 28. Rxd7 $1 Nxd7 29. Qb4+ Nc5 30. Bxc5+ Ke8 31. Ne7 Qe6 32. Nxc6 Qxc6 33. Nc3 {[%emt 0:00:25] Weighted Error Value: White=0.04 (flawless) /Black=0.41.  Mistake:       	---       	Black=3      Inaccurate:     	White=1     	Black=2      OK:         	White=12    	Black=5      Brilliant:      	White=1     	---} 1-0

[Event "50th La Roda Open 2024"]
[Site "La Roda"]
[Date "2024.03.31"]
[Round "9.6"]
[White "Sonis, Francesco"]
[Black "Liu, Zexu"]
[Result "1-0"]
[ECO "C60"]
[WhiteElo "2562"]
[BlackElo "2325"]
[Annotator "RC"]
[PlyCount "125"]
[EventDate "2024.03.27"]
[EventType "swiss"]
[EventCountry "ESP"]
[SourceTitle "playchess.com"]
[Source "ChessBase"]
[SourceQuality "1"]
[TimeControl "5400+30"]

1. e4 e5 2. Nf3 Nc6 3. Bb5 Nge7 4. O-O Ng6 5. d4 exd4 6. Nxd4 Bc5 7. Nb3 Bb6 8. Nc3 O-O 9. Kh1 d6 10. Nd5 Nce7 11. Nxb6 axb6 12. Nd4 c6 13. Bd3 Ne5 14. Be2 f5 15. exf5 Nxf5 16. c4 Qh4 17. Nxf5 Bxf5 18. b3 d5 19. Bb2 Rfe8 20. cxd5 Rad8 21. d6 Qb4 22. Qd4 Qxd4 23. Bxd4 b5 24. Rfe1 Nf7 25. Bb6 Rxd6 26. Bxb5 Rxe1+ 27. Rxe1 Ne5 28. Bf1 Bd3 29. f4 Nd7 30. Bc7 Rd5 31. Kg1 Bxf1 32. Kxf1 Nc5 33. g3 Kf7 34. Bb6 Nd3 35. Re2 Nb4 36. Ke1 Nd3+ 37. Kf1 Nb4 38. Kg2 Rd1 39. Ba5 Nd5 40. Re1 Rd3 41. Re2 g6 42. Bd2 b5 43. Be1 b4 44. Kf2 Rd1 45. Rc2 Ra1 46. Bd2 Ke7 47. Be3 Kd7 48. Bd4 Rh1 49. Kf3 Rd1 50. Be5 Re1 51. Re2 Rd1 52. Kg4 c5 53. Kg5 Kc6 54. Kh6 Nc3 55. Rc2 Rd7 56. Bxc3 bxc3 57. Rxc3 Kb5 58. Rc2 Kb4 59. g4 Rf7 60. Rf2 Kc3 61. f5 gxf5 62. gxf5 Kd3 63. f6 1-0

[Event "50th La Roda Open 2024"]
[Site "La Roda"]
[Date "2024.03.31"]
[Round "9.7"]
[White "Rottenwohrer Suarez, Juan"]
[Black "Martinez Ramirez, Lennis"]
[Result "0-1"]
[ECO "E12"]
[WhiteElo "2275"]
[BlackElo "2450"]
[Annotator "TA"]
[PlyCount "98"]
[EventDate "2024.03.27"]
[EventType "swiss"]
[EventCountry "ESP"]
[SourceTitle "playchess.com"]
[Source "ChessBase"]
[SourceQuality "1"]
[TimeControl "5400+30"]

1. d4 Nf6 2. c4 e6 3. Nf3 b6 4. a3 Bb7 5. Bf4 d5 6. cxd5 {[%emt 0:00:32] E12: Queen's Indian: Unusual White 4th moves, 4 a3, 4 Nc3 Bb7 5 a3 and 4 Nc3 Bb7 .} Nxd5 7. Bg3 Nd7 8. Nbd2 Be7 $146 ({Predecessor:} 8... N5f6 9. Rc1 Bd6 10. Qc2 O-O 11. e4 Nh5 12. e5 Be7 13. Bd3 g6 14. Be4 Bxe4 15. Qxe4 c5 16. O-O cxd4 17. b4 Nxg3 18. hxg3 a5 19. Nxd4 {½-½ Vaibhav,S (2600)-Peralta,F (2595) Barcelona Sants op-A 23rd 2022 (8)}) 9. Rc1 {[%emt 0:01:16] Hoping for e4.} c5 10. dxc5 bxc5 11. Nc4 O-O 12. e3 N7f6 13. Bd3 Nh5 14. Be5 f6 (14... Nb6 $14) 15. Ng5 $1 $16 Qe8 16. Nxh7 (16. Bxh7+ Kh8 $14) ({White should play} 16. Nxe6 $16 {Strongly threatening Bd6.} fxe5 17. Nxf8 Kxf8 (17... Bxf8 $2 18. Na5 $18) 18. Na5 (18. Bxh7 Nhf6 $11) (18. Nxe5 Bh4 $19) 18... Nxe3 19. fxe3 Bxg2 20. Rg1) 16... fxe5 $14 17. Nxf8 Kxf8 18. Nxe5 Nhf6 $1 19. Qf3 (19. Ng6+ $14 Kg8 20. Nxe7+ Qxe7 21. O-O) 19... Bd6 $11 20. Ng6+ Kf7 21. O-O Rd8 22. Qh3 Nb6 23. Rfd1 c4 $1 24. Bc2 {[%emt 0:26:48] Black should prevent f4.} (24. Bxc4 Nxc4 (24... Kxg6 25. Rxd6 Nxc4 26. Rxc4 $16) 25. Rxc4 Bd5 $17 (25... Kxg6 26. Rxd6 Rc8 27. Qg3+ Kf7 28. Qf4 $16)) 24... Qb5 25. Nf4 Bc8 {[%emt 0:02:30][%cal Oe6e5] ...e5! is the strong threat.} 26. Bg6+ Ke7 27. Nh5 (27. Qh4 $11) 27... Rh8 28. Rxd6 Kxd6 29. Qg3+ {[%emt 0:00:00] [#]} e5 (29... Ke7 $1 $17 30. Nxf6 gxf6) 30. Rd1+ (30. Nxf6 $11 {keeps the balance.} gxf6 31. Be4) 30... Kc7 $17 31. Nxg7 Rd8 (31... Qxb2 $17 {[%cal Oh8g8] And now ...Rg8! would win.} 32. Qg5 Rd8 33. Ne8+ (33. Rb1 $2 {gets mated.} Qxb1+ 34. Bxb1 Rd1#) 33... Kb8 (33... Nxe8 $2 34. Qxd8+ Kb8 35. Qxe8 $18) (33... Rxe8 34. Bxe8 Nxe8 35. Qd8+ Kb7 36. Qxe8 $15)) 32. Rxd8 $11 Kxd8 33. Qg5 {[%emt 0:00:00] [#]} (33. Qh4 $1 $11 {remains equal.} Nbd7 34. h3) 33... Nbd7 $1 $17 34. h4 Qxb2 35. Ne6+ $2 (35. Nh5 $17 {was worth a try.} Qb6 36. Bc2) 35... Ke7 $19 36. Nc7 Kd6 {[%emt 0:03:53] Inhibits Nd5.} (36... Qxa3 37. Nd5+ Kd8 (37... Ke6 38. Nxf6 Qa5 39. Bf5+ Kd6 40. h5 $18) 38. Nxf6 $16) 37. Ne8+ Nxe8 38. Bxe8 c3 (38... Qxa3 39. h5 c3 40. h6 $11) 39. Bg6 {[%emt 0:03:26] Inhibits c2.} c2 (39... Qxa3 40. Qf5 $19) 40. Bxc2 Qxc2 41. h5 Bb7 42. h6 Be4 43. f3 Bh7 44. e4 Qc4 45. Kh2 Qf7 46. Qd2+ Ke7 47. Qb4+ Kf6 48. Kg1 Qe6 {[%emt 0:00:30] Threatens to win with ...Qb6+.} 49. Qb7 Qb6+ 0-1

[Event "50th La Roda Open 2024"]
[Site "La Roda"]
[Date "2024.03.31"]
[Round "9.8"]
[White "Iglesias Ferreira, Andres"]
[Black "Sanchez Alvarez, Roberto Carlos"]
[Result "1-0"]
[ECO "B96"]
[WhiteElo "2234"]
[BlackElo "2407"]
[Annotator "TA"]
[PlyCount "83"]
[EventDate "2024.03.27"]
[EventType "swiss"]
[EventCountry "ESP"]
[SourceTitle "playchess.com"]
[Source "ChessBase"]
[SourceQuality "1"]
[TimeControl "5400+30"]

1. e4 c5 2. Nf3 d6 3. d4 Nf6 4. Nc3 cxd4 5. Nxd4 a6 6. Bg5 e6 7. f4 Nbd7 8. Qf3 Qc7 9. O-O-O b5 10. a3 Rb8 11. g4 (11. f5 $11) 11... b4 $1 $15 12. axb4 Rxb4 13. Bh4 {[%emt 0:07:55] Black is slightly better.} h6 14. Be1 (14. Bg2 $15) 14... Qb6 (14... Bb7 $17 {And now ...Qb6 would win.} 15. Qe3 e5 (15... Nxg4 16. Qg1 $11)) 15. Nb3 (15. Bf2 $1 $11) 15... Bb7 $1 $17 16. Bd3 Nc5 (16... d5 $17 17. exd5 Nxd5) 17. Nxc5 $11 dxc5 18. g5 hxg5 19. fxg5 Nd7 20. Bg3 (20. Be2 $11) 20... Be7 $1 $15 21. h4 c4 22. Rhf1 $1 cxd3 23. Qxf7+ Kd8 24. Rxd3 (24. Bf2 $1 $11 {and White has nothing to worry.} Qa5 25. Rxd3 Qa1+ (25... Bxe4 $2 26. Rxd7+ Kxd7 27. Rd1+ Kc8 28. Qxe6+ Kb8 29. Qxe7 $18) 26. Kd2 Qxf1 27. Bb6+ Rxb6 28. Qxf1) 24... Rf8 $19 (24... Rxb2 25. Bf2 Qb4 26. Qxg7 $18) 25. Qxf8+ Bxf8 26. Rxf8+ Ke7 27. Rg8 (27. Bd6+ Qxd6 28. Rf7+ Kxf7 29. Rxd6) 27... Kf7 (27... Rxb2 28. Rxg7+ Ke8 29. Rdxd7 Bxe4 30. Rge7+ (30. Nxe4 Rb1+ 31. Kd2 Qb4+ 32. Ke3 Re1+ 33. Bxe1 Qxe1+ 34. Kd4 Qa1+ 35. Kc4 Qa4+ 36. Kd3 Qxd7+ 37. Rxd7 Kxd7) 30... Kf8 31. Rf7+ (31. Nxe4 Rb1+ 32. Kd2 Qb4+ 33. Ke3 Qxe7 $18) 31... Kg8 32. Nxe4 $18) (27... Qg1+ $142 28. Nd1 Ra4 (28... Rxe4 $2 29. Bf2 $18) (28... Kf7 29. Rh8 $11) 29. Rxg7+ Ke8 (29... Kf8 $2 30. b3 $19)) 28. Rh8 Qg1+ $2 (28... Bc6 $19 {Hoping for ...Qg1+.} 29. b3 Qa5 30. g6+ Kxg6 31. h5+ Kf7) 29. Nd1 $1 $11 {[%emt 0:01:33] [#] Really sharp!} Bxe4 $2 30. Rxd7+ $40 {[%emt 0:00:43][%mdl 128] White has strong attack.} Kg6 31. Bf2 {[%emt 0:09:22] Black is weak on the dark squares} (31. h5+ $1 $18 {is more deadly.} Kf5 32. Bf2) 31... Qh1 (31... Qh2 $16) 32. h5+ $18 Kf5 33. h6 $1 (33. Rxg7 Bf3 34. Rf8+ Kg4 35. Rxf3 Qxf3 $19) 33... Rc4 34. c3 (34. Rxg7 {leads to mate.} Rxc2+ (34... Bxc2 35. Rf8+ Ke4 36. Be1 Qxe1 37. Rf4+ Kxf4 38. b4 Qxd1+ 39. Kb2 Qb1+ 40. Ka3 Rc3#) 35. Kb1 Rc4+ (35... Rxf2+ 36. Ka2 Qxd1 37. Rf7+ Ke5 38. Rf5+ Bxf5 39. Ka3 Rf3+ 40. Kb4 Qb3+ 41. Kc5 Qb5#) 36. Ka2 Ra4+ (36... Qxd1 37. Rf8+ Kg4 38. Rf4+ Kxf4 39. Rf7+ Kg4 40. Rf4+ Kxf4 41. Bg3+ Kxg3 42. b3 Qb1+ 43. Ka3 Qa1#) 37. Kb3 Qxd1+ 38. Kc3 Qd3#) 34... Ra4 {[%emt 0:02:15] [#]} 35. Kd2 $1 Ra1 36. Ne3+ Kf4 {[%emt 0:00:32] [#] ( -> ...Qc1+)} 37. Rf8+ $1 Kxg5 $2 (37... Bf5 38. hxg7 Kf3 (38... Qc1+ $2 39. Ke2 $18) 39. Rxf5+ (39. g8=B $2 Qc1#) 39... exf5) 38. hxg7 Bh7 39. g8=Q+ {[%emt 0:00:44] White mates.} Bxg8 40. Rxg8+ Kf6 41. Ng4+ Kf5 42. Rf8+ {[%emt 0:02:49] Weighted Error Value: White=0.28 (precise) /Black=0.70.  Loses game:     	White=1     	---        Missed win:     	---       	Black=2      Mistake:       	White=5     	Black=6      Inaccurate:     	---       	Black=1      OK:         	White=7     	Black=4      Best:        	White=4     	Black=5      Strong:       	White=5     	Black=3} 1-0

[Event "50th La Roda Open 2024"]
[Site "La Roda"]
[Date "2024.03.31"]
[Round "9.9"]
[White "Elias Reyes, Jorge Roberto"]
[Black "Hurtado, Felipe"]
[Result "1/2-1/2"]
[ECO "B92"]
[WhiteElo "2473"]
[BlackElo "2087"]
[Annotator "RC"]
[PlyCount "62"]
[EventDate "2024.03.27"]
[EventType "swiss"]
[EventCountry "ESP"]
[SourceTitle "playchess.com"]
[Source "ChessBase"]
[SourceQuality "1"]
[TimeControl "5400+30"]

1. e4 c5 2. Nf3 d6 3. d4 cxd4 4. Nxd4 Nf6 5. Nc3 a6 6. Be2 e5 7. Nb3 Be7 8. Be3 Be6 9. Nd5 Nbd7 10. Qd3 O-O 11. O-O Bxd5 12. exd5 Ne8 13. a4 a5 14. Bg4 Nef6 15. Bh3 b6 16. f4 exf4 17. Bxf4 Nc5 18. Qf3 Nxb3 19. Qxb3 Rb8 20. Rae1 Nh5 21. Be3 Bg5 22. Bd4 Bf6 23. Bxf6 Nxf6 24. Qb5 Re8 25. Rd1 Re3 26. Rd4 Qe7 27. Rdf4 Re1 28. Qb3 Qe5 29. Rxe1 Qxe1+ 30. Rf1 Qe5 31. Rd1 h5 1/2-1/2

[Event "50th La Roda Open 2024"]
[Site "La Roda"]
[Date "2024.03.31"]
[Round "9.10"]
[White "Yuste Valenzuela, Alejandro"]
[Black "Martinez Reyes, Pedro Ramon"]
[Result "1/2-1/2"]
[ECO "B35"]
[WhiteElo "2106"]
[BlackElo "2332"]
[Annotator "RC"]
[PlyCount "130"]
[EventDate "2024.03.27"]
[EventType "swiss"]
[EventCountry "ESP"]
[SourceTitle "playchess.com"]
[Source "ChessBase"]
[SourceQuality "1"]
[TimeControl "5400+30"]

1. e4 c5 2. Nf3 Nc6 3. d4 cxd4 4. Nxd4 g6 5. Nc3 Bg7 6. Be3 Nf6 7. Bc4 O-O 8. Bb3 a5 9. a4 d6 10. Ndb5 Ng4 11. Bg5 h6 12. Bf4 Kh7 13. h3 Nge5 14. Be3 Be6 15. Nd5 Nd7 16. c3 Nf6 17. Bc2 Ne5 18. b3 Nxd5 19. exd5 Bd7 20. Nd4 Qc8 21. c4 f5 22. f4 Nf7 23. Ra2 e5 24. dxe6 Bxe6 25. O-O Bd7 26. Bd3 Re8 27. Bf2 Bf6 28. Re2 Rxe2 29. Bxe2 Bc6 30. Bf3 Qd7 31. Re1 Re8 32. Rxe8 Qxe8 33. Nxc6 bxc6 34. Qe1 Qb8 35. Qe6 Kg7 36. Bxc6 Qc7 37. Qd7 Qxd7 38. Bxd7 Bc3 39. Kf1 Nd8 40. Ke2 Nb7 41. Kd3 Bb4 42. Bc6 Nc5+ 43. Kc2 Ne6 44. g3 Bc5 45. Bxc5 dxc5 46. Bd7 Nd4+ 47. Kd3 Nxb3 48. g4 Kf6 49. h4 Nd4 50. g5+ Ke7 51. gxh6 Kf7 52. Be8+ Kf6 53. h7 Kg7 54. Bxg6 Kh8 55. h5 Kg7 56. h6+ Kh8 57. Ke3 Nc2+ 58. Kd2 Ne3 59. Kc3 Nxc4 60. Bxf5 Nb6 61. Bc2 Nd5+ 62. Kc4 Nxf4 63. Kxc5 Ne2 64. Kb5 Nc3+ 65. Kxa5 Nxa4 1/2-1/2